 Dungeon Crawl Stone Soup version 0.30.0-29-ga12c61a403 (webtiles) character file.

Game seed: 10026809950789152274

98 bmack86 the Chopper (level 4, -1/39 HPs)
             Began as a Minotaur Fighter on June 20, 2023.
             Slain by Sigmund
             ... wielding a +0 scythe
              (10 damage)
             ... on level 4 of the Dungeon.
             The game lasted 00:07:36 (2046 turns).

bmack86 the Chopper (Minotaur Fighter)              Turns: 2046, Time: 00:07:37

Health: -1/39      AC:  9    Str: 21    XL:     4   Next: 44%
Magic:  12/12      EV:  7    Int: 12    God:
Gold:   173        SH:  4    Dex:  9    Spells: 3/3 levels left

rFire   . . .        a - +0 war axe
rCold   + . .        c - +0 buckler
rNeg    . . .        m - +0 chain mail
rPois   .            (helmet restricted)
rElec   .            (no cloak)
rCorr   .            (no gloves)
SInv    .            (no boots)
Will    .....        (no amulet) Stlth
                     l - ring "Dickyir" {rC+ MP+9 Str-2 Int+7}
HPRegen 0.26/turn    (no ring)
MPRegen 0.13/turn

%: no passive effects
@: mighty
A: horns 2, retaliatory headbutt
a: no special abilities


You were on level 4 of the Dungeon.
You visited 1 branch of the dungeon, and saw 4 of its levels.

You collected 173 gold pieces.

Inventory:

Hand Weapons
 a - a +0 war axe (weapon)
Missiles
 v - a throwing net (quivered)
Armour
 b - a +0 scale mail
 c - a +0 buckler (worn)
 m - a +0 chain mail (worn)
Jewellery
 l - the ring "Dickyir" (left hand) {rC+ MP+9 Str-2 Int+7}
   (You found it on level 2 of the Dungeon)

   [ring of protection from cold]

   Str:       It affects your strength (-2).
   Int:       It affects your intelligence (+7).
   rC:        It protects you from cold.
   MP:        It affects your magic capacity (+9).
Scrolls
 e - a scroll of teleportation {unknown}
 h - a scroll of enchant armour {unknown}
 j - a scroll of vulnerability
 o - a scroll of enchant weapon {unknown}
 q - a scroll of magic mapping {unknown}
 r - a scroll of noise {unknown}
 s - a scroll of identify {unknown}
 t - a scroll of blinking {unknown}
 u - a scroll of immolation {unknown}
 w - a scroll of amnesia {unknown}
Potions
 f - 5 potions of curing {unknown}
 g - a potion of resistance {unknown}
 i - 2 potions of attraction {unknown}
 k - 2 potions of brilliance {unknown}
 n - 2 potions of heal wounds {unknown}
 p - a potion of lignification {unknown}


   Skills:
 - Level 3.6 Fighting
 + Level 5.7 Axes
 - Level 3.6 Armour
 - Level 3.6 Shields


You had 3 spell levels left.
You didn't know any spells.
Your spell library contained the following spells:

 Spells                   Type           Power      Damage    Failure   Level
 Vhi's Electric Charge    Tloc/Air       0%         N/A       100%        3
 Arcjolt                  Conj/Air       0%         1d10      100%        5
 Maxwell's Capacitive Co  Air            0%         ∞         100%        8


Dungeon Overview and Level Annotations

Branches:
Dungeon (4/15)
 Temple: D:4-7

Altars:
Elyvilon
Qazlal

Annotations:
D:4 Sigmund


Innate Abilities, Weirdness & Mutations

You have a pair of horns on your head.
You reflexively headbutt those who attack you in melee.


Message History

The dart slug launches a dart at you.
The slug dart hits you but does no damage.
You slash the dart slug!
You kill the dart slug!
Found a stone staircase leading down.
You open the door.
A ball python comes into view.
The ball python hisses angrily.
Sigmund the Dreaded comes into view.
He is wielding a +0 scythe.
Sigmund shouts!
There is an open door here.
Sigmund casts a spell.
Sigmund flickers and vanishes!
Deactivating autopickup; reactivate with Ctrl-A.
The ball python attacks as you move away!
The ball python bites you but does no damage.
The ball python attacks as you move away!
The ball python closely misses you.
You hit the ball python. You headbutt the ball python.
You kill the ball python!
You block something's attack.
You completely miss something. Something hits you.
You miss something. Something hits you.
You barely miss something. Your headbutt misses something. Something hits you!
You miss something. You barely miss something.
You hear some strange, mumbled words.
A magic dart appears from out of thin air!
The magic dart hits you! Something hits you.
You miss something. Your headbutt misses something. You barely miss something.
Something hits you.
* * * LOW HITPOINT WARNING * * *
You feel very mighty all of a sudden. Something hits you.
* * * LOW HITPOINT WARNING * * *
You miss something. Your headbutt misses something.
Something hits you but does no damage.
You barely miss something. Your headbutt misses something.
You barely miss something. Your headbutt misses something. Something hits you!
You die...

####### .......
########## .......
#........# .......
#.######.# .......
#.# #.#
.......##.######.#
.......'..{@..>#.#
.......##.####.#.#
#########.# .#.#
####......# #.#.#
#........#####.#.#
###..............#.#
.......<.........#.#
.#.........#####.#.#
#...........#...#.#


There were no monsters in sight!

Vanquished Creatures
  Terence (D:2)
  An adder (D:2)
  2 worms
  A dart slug (D:4)
  4 ball pythons
  6 endoplasms
  A giant cockroach (D:3)
  6 goblins
  5 hobgoblins
  2 quokkas
  9 bats
  2 frilled lizards (D:2)
  6 kobolds
  7 rats
53 creatures vanquished.

Notes
Turn   | Place    | Note
-------+----------+-------------------------------------------
     0 | D:1      | bmack86 the Minotaur Fighter began the quest for the Orb.
     0 | D:1      | Reached XP level 1. HP: 19/19 MP: 0/0
    75 | D:1      | Reached skill level 3 in Axes
   208 | D:1      | Reached XP level 2. HP: 26/26 MP: 1/1
   623 | D:1      | Reached skill level 4 in Axes
   816 | D:2      | Reached XP level 3. HP: 29/31 MP: 2/2
   871 | D:2      | Identified the ring "Dickyir" {rC+ MP+9 Str-2 Int+7}
  1059 | D:2      | Found a white marble altar of Elyvilon.
  1102 | D:2      | Noticed Terence
  1110 | D:2      | Reached skill level 5 in Axes
  1110 | D:2      | Killed Terence
  1111 | D:2      | Reached XP level 4. HP: 32/39 MP: 3/3
  1498 | D:3      | Found a faded altar of an unknown god.
  1503 | D:3      | Found a stormy altar of Qazlal.
  2024 | D:4      | Noticed Sigmund
  2046 | D:4      | Slain by Sigmund

Illustrated notes

Levels and vault maps discovered:
D:1:      lightli_arrival_flooded_house, layout_basic
D:2:      layout_rooms, basic_altar, uniq_terence
D:3:      layout_loops_ring, nicolae_overflow_ecumenical_swirl
D:4:      layout_basic, serial_curves, eino_curves_01, eino_curves_01,
          gammafunk_ghost_arena, uniq_sigmund

Skill      XL: |  1  2  3 |
---------------+----------+-----
Axes           | 3 4 5 |  5.7
Fighting       | |  3.6
Armour         | |  3.6
Shields        | |  3.6

Action                     |  1- 3 |  4- 6 || total
---------------------------+-------+-------++-------
  Melee: War axe           |    72 |    33 ||   105
         Headbutt          |     6 |     6 ||    12
    Use: Scroll            |       |     1 ||     1
         Potion            |       |     1 ||     1
 Armour: Scale mail        |    30 |       ||    30
         Chain mail        |     9 |    14 ||    23
  Dodge: Dodged            |    40 |    10 ||    50
  Block: Buckler           |    18 |     3 ||    21
